 Dungeon Crawl Stone Soup version 0.31-a0-955-gcb8bc90ed4 (webtiles) character file.

Game seed: 15160812612890589786

314698 JackS81 the Brawler (level 20, 0/146 (155) HPs)
             Began as a Demonspawn Shapeshifter on Oct 15, 2023.
             Was a High Priest of Okawaru.
             Killed from afar by a shadow dragon (36 damage)
             ... with a bolt of negative energy
             ... on level 5 of the Vaults on Oct 22, 2023.
             The game lasted 04:23:29 (44457 turns).

JackS81 the Brawler (Demonspawn Shapeshifter)      Turns: 44457, Time: 04:23:30

HP:   0/146 (155)   AC: 32    Str: 18    XL:     20   Next: 49%
MP:   0/30          EV: 21    Int: 15    God:    Okawaru [*****.]
Gold: 3785          SH:  0    Dex: 10    Spells: 13/19 levels left

rFire   + .          .
                       - Unarmed
rCold   + . .        (shield currently unavailable)
rNeg    . . .        J - +4 swamp dragon scales
rPois   +            j - +1 hat of the Mind {rElec rCorr Int-2 Dex-2}
rElec   +            C - scarf {rC+ rF+}
rCorr   +            (gloves unavailable)
SInv    +            F - +2 pair of boots
Will    +++..        H - amulet "Guyduat" {RegenMP +Blink +Inv Int+4 Dex-2}
Stlth   +            a - ring "Deplemeb" {rPois Will++ EV+5 Str-3 Slay+3}
HPRegen 0.44/turn    W - ring of see invisible
MPRegen 0.84/turn

%: guardian spirit
@: mighty, flux-form, heroic, sanguine armoured, glowing, drained
A: glow, contaminating, ignite blood 3, magic shield, magic regeneration,
sanguine armour 3, demonic touch 3
}: 2/15 runes: decaying, gossamer
a: Begin Untransformation, Renounce Religion, Evoke Blink, Evoke Invisibility,
Heroism, Finesse, Duel


You were on level 5 of the Vaults.
You worshipped Okawaru.
Okawaru was extremely pleased with you.
You were something dangerously unstable.
You visited 7 branches of the dungeon, and saw 36 of its levels.

You collected 5127 gold pieces.
You spent 1342 gold pieces at shops.

Inventory:

Hand Weapons
 P - the +8 autumn katana {manifold assault}
   (You found it on level 4 of the Vaults)
Missiles
 n - 9 curare-tipped darts
 z - 8 atropa-tipped darts
 S - 6 silver javelins
Armour
 i - a +2 hat
 j - the +1 hat of the Mind (worn) {rElec rCorr Int-2 Dex-2}
   (You found it on level 4 of the Spider Nest)

   Int-2:     It affects your intelligence (-2).
   Dex-2:     It affects your dexterity (-2).
   rElec:     It insulates you from electricity.
   rCorr:     It protects you from acid and corrosion.
 l - +0 ice dragon scales
 p - +2 acid dragon scales
 v - a +1 troll leather armour {Snorg}
 C - a scarf of resistance (worn)
 F - a +2 pair of boots (worn)
 J - +4 swamp dragon scales (worn)
 U - +0 fire dragon scales
Jewellery
 a - the ring "Deplemeb" (left hand) {rPois Will++ EV+5 Str-3 Slay+3}
   (You found it on level 4 of the Vaults)

   [ring of evasion]

   EV+5:      It affects your evasion (+5).
   Str-3:     It affects your strength (-3).
   Slay+3:    It affects your accuracy & damage with ranged weapons and melee
   (+3).
   rPois:     It protects you from poison Will++: It greatly increases your
   willpower.
 h - a ring of willpower
 u - an amulet of the acrobat
 H - the amulet "Guyduat" (around neck) {RegenMP +Blink +Inv Int+4 Dex-2}
   (You bought it in a shop on level 2 of the Orcish Mines)

   [amulet of magic regeneration]

   RegenMP:   It increases your rate of magic regeneration.
   Int+4:     It affects your intelligence (+4).
   Dex-2:     It affects your dexterity (-2).
   +Inv:      It lets you turn invisible.
   +Blink:    It lets you blink.
 I - a +5 ring of evasion
 L - a +4 ring of slaying
 W - a ring of see invisible (right hand)
 X - a ring of protection from fire
Talismans
 c - a beast talisman
 d - a flux talisman (active)
 g - a blade talisman
 V - a storm talisman
 Z - a serpent talisman
Wands
 k - a wand of quicksilver (4)
 s - a wand of paralysis (21)
 x - a wand of iceblast (63)
 y - a wand of flame (63)
 A - a wand of polymorph (17)
 D - a wand of mindburst (13)
 N - a wand of digging (13)
Scrolls
 f - 4 scrolls of silence
 m - 13 scrolls of revelation
 w - 6 scrolls of poison
 G - a scroll of fear
 K - 8 scrolls of teleportation
 Y - 5 scrolls of brand weapon
Potions
 b - a potion of cancellation
 e - 6 potions of curing
 q - 5 potions of enlightenment
 r - 2 potions of mutation
 t - 6 potions of might
 B - a potion of berserk rage
 E - 2 potions of resistance
 M - a potion of haste
 O - 12 potions of ambrosia
 Q - 2 potions of lignification
 R - 3 potions of magic
Miscellaneous
 T - a phial of floods


   Skills:
 + Level 12.8(17.8) Fighting
 - Level 6.5(11.5) Throwing
 + Level 10.2(15.2) Armour
 + Level 12.2(17.2) Dodging
 - Level 18.1(23.1) Unarmed Combat
 - Level 2.5 Hexes
 - Level 3.1 Summonings
 - Level 2.5 Transmutations
 + Level 13.7 Invocations
 * Level 12.2 Evocations
 * Level 16.2 Shapeshifting


You had 13 spell levels left.
You knew the following spells:

 Your Spells              Type           Power      Damage    Failure   Level
a - Call Canine Familiar  Summ           9%         N/A       32%         3
b - Slow                  Hex            28%        N/A       14%         1
c - Wereblood             Tmut           7%         N/A       22%         2

Your spell library contained the following spells:

 Spells                   Type           Power      Damage    Failure   Level
 Sting                    Tmut/Pois      12%        1d3       24%         1
 Foxfire                  Conj/Fire      0%         2x1d4     36%         1
 Magic Dart               Conj           0%         1d3       36%         1
 Confusing Touch          Hex            7%         N/A       38%         3
 Sigil of Binding         Hex            7%         N/A       38%         3
 Cigotuvi's Dreadful Rot  Necr/Pois/Air  0%         N/A       52%         2
 Poisonous Vapours        Pois/Air       0%         N/A       52%         2
 Searing Ray              Conj           0%         2d4       52%         2
 Sublimation of Blood     Necr           0%         N/A       52%         2
 Dazzling Flash           Conj/Hex       6%         N/A       56%         3
 Gell's Gravitas          Tloc           0%         N/A       75%         3
 Mephitic Cloud           Conj/Pois/Air  0%         N/A       75%         3
 Stone Arrow              Conj/Erth      0%         3d7       75%         3
 Teleport Other           Tloc           0%         N/A       75%         3
 Vampiric Draining        Necr           0%         2d6       75%         3
 Dimensional Bullseye     Hex/Tloc       1%         N/A       93%         4
 Fulminant Prism          Conj/Hex       1%         3d5       93%         4
 Leda's Liquefaction      Hex/Erth       1%         N/A       93%         4
 Petrify                  Tmut/Erth      3%         N/A       93%         4
 Brom's Barrelling Bould  Conj/Erth      0%         2d3       98%         4
 Dispel Undead            Necr           0%         3d6       98%         4
 Olgreb's Toxic Radiance  Pois           0%         N/A       98%         4
 Agony                    Necr           0%         N/A       100%        5
 Alistair's Intoxication  Tmut/Pois      2%         N/A       100%        5
 Borgnjor's Vile Clutch   Necr/Erth      0%         N/A       100%        5
 Fireball                 Conj/Fire      0%         3d3       100%        5
 Freezing Cloud           Conj/Ice/Air   0%         6-21      100%        5
 Irradiate                Conj/Tmut      1%         3d12      100%        5
 Iskenderun's Battlesphe  Conj           0%         2d6       100%        5
 Silence                  Hex/Air        1%         N/A       100%        5
 Conjure Ball Lightning   Conj/Air       0%         3x3d6     100%        6
 Dispersal                Tloc           0%         N/A       100%        6
 Eringya's Noxious Bog    Tmut/Pois      1%         4d6       100%        6
 Plasma Beam              Fire/Air       0%         2x1d10    100%        6
 Starburst                Conj/Fire      0%         6d3       100%        6
 Orb of Destruction       Conj           0%         9d5       100%        7
 Ozocubu's Refrigeration  Ice            0%         4d7       100%        7
 Lehudib's Crystal Spear  Conj/Erth      0%         10d2      100%        8
 Polar Vortex             Ice            0%         N/A       100%        9
 Summon Small Mammal      Summ           Unusable   N/A       N/A         1
 Summon Guardian Golem    Hex/Summ       Unusable   N/A       N/A         3
 Animate Armour           Summ/Erth      Unusable   N/A       N/A         4
 Death Channel            Necr           Unusable   N/A       N/A         6
 Simulacrum               Ice/Necr       Unusable   N/A       N/A         6
 Spellforged Servitor     Conj/Summ      Unusable   N/A       N/A         7
 Summon Hydra             Summ           Unusable   N/A       N/A         7

Dungeon Overview and Level Annotations

Branches:
Dungeon (15/15)            Temple (1/1) D:5            Lair (5/5) D:11
  Swamp (4/4) Lair:2       Spider (4/4) Lair:3        Slime (0/5) Lair:4
    Orc (2/2) D:12            Elf (0/3) Orc:2        Vaults (5/5) D:14
  Crypt (0/3) Vaults:3     Depths (0/4) D:15

Altars:
Ashenzari
Cheibriados
Dithmenos
Fedhas
Gozag
Hepliaklqana
Kikubaaqudgha
Makhleb
Nemelex Xobeh
Okawaru
Qazlal
Ru
Sif Muna
Trog
Uskayaw
Vehumet
Wu Jian
Xom
Yredelemnul
Jiyva

Shops:
D:6 *   Orc:2 ?*[*!   Vaults:2 [   Vaults:4 *((

Annotations:
D:4 3 runed translucent doors, Pascal76's ghost, amateur GrGl
D:11 2 transporters, Heedrag's ghost, novice DsSh
D:13 3 runed translucent doors, Hatoon's ghost, journeyman OpSh
Swamp:3 2 transporters, Karaet's ghost, adept MiFi
Vaults:4 3 runed translucent doors, jlumianski's ghost, veteran KoBe


Innate Abilities, Weirdness & Mutations

You are something dangerously unstable.
You glow with magical radiation, making you easy to see and hit.
Foes you strike become dangerously contaminated with magical radiation.
You are incapable of wielding weapons or throwing items.
Your demonic aura causes all spilled blood to erupt in flames.
When hurt, damage is shared between your health and your magic reserves.
You regenerate magic rapidly.
When seriously injured, your blood forms very thick armour. (AC +12)
Your touch may irresistibly damage your foes and sap their willpower.


Message History

The yaktaur captain shoots a bolt.
The bolt hits you!
* * * LOW HITPOINT WARNING * * *
The ogre mage is engulfed in blazing flames.
The ogre mage barely misses you.
You hit the ogre mage.
The ogre mage shudders as magic cascades through it!!
You kill the ogre mage!
Okawaru accepts your kill.
You feel sick.
You are no longer poisoned.
The yaktaur captain shoots a bolt.
The bolt hits you!
* * * LOW HITPOINT WARNING * * *
The titan waves its arms in wide circles.
The air twists around and strikes you!
* * * LOW HITPOINT WARNING * * *
You hit the titan but do no damage.
The titan begins to glow.
You touch the titan!
You sap its willpower!
The titan is lightly wounded.
You pummel the titan!!
The titan glows dangerously bright.
You touch the titan!
You sap its willpower!
The titan is heavily wounded.
The titan is engulfed in blazing flames.
The titan misses you.
The yaktaur captain shoots a bolt.
The bolt barely misses you.
You pummel the titan!!
The titan shudders as magic cascades through it!!
You kill the titan!
Okawaru accepts your kill.
You can now enter into single combat with a foe.
Okawaru will now gift you throwing weapons as you gain piety.
A shadow dragon comes into view.
The shadow dragon breathes negative energy at you.
The bolt of negative energy misses you.
The yaktaur captain shoots a bolt.
The bolt hits you!!
* * * LOW HITPOINT WARNING * * *
You feel much better.
Your resistance to elements expires.
The shadow dragon breathes negative energy at you.
The bolt of negative energy hits you!!!
You feel drained.
You die...

##...###.........
##.## ##..#....
##.).###..## ...
#..(..#..## .
##.)..☼.##
##)○○...##
##°..○○...#
#..§§...#...
##.p☼..###.
##...## ..c..#
......D#
##........
##........
.........
..#...#..


You could see a shadow dragon (catching breath) and a yaktaur captain.

Vanquished Creatures
  Mara (Vaults:2)
  Margery (Vaults:3)
  Xtahua (Vaults:3)
  Norris (Arena)
  A tentacled monstrosity (Swamp:1)
  A titan (Vaults:5)
  A sphinx (Vaults:3)
  Agnes (Spider:2)
  A shadow dragon (Vaults:5)
  2 frost giants
  10 vault wardens
  3 emperor scorpions (Spider:4)
  A fenstrider witch (Swamp:3)
  5 ghost moths
  4 war gargoyles
  23 ironbound preservers
  9 ironbound thunderhulks
  2 formless jellyfish (Vaults:1)
  4 stone giants
  A broodmother (Spider:4)
  A vampire knight (D:14)
  6 eleionomae
  A deep elf annihilator (Vaults:5)
  2 bunyips
  3 dire elephants (Vaults:2)
  3 spark wasps
  An ettin (Vaults:5)
  Josephine (Swamp:1)
  4 fire dragons
  2 jiangshi (Vaults:3)
  6 great orbs of eyes
  Snorg (D:12)
  2 crystal guardians (Vaults:1)
  3 entropy weavers
  A rakshasa (D:14)
  2 ice dragons (D:15)
  A deep elf high priest (Vaults:5)
  15 vault guards
  18 yaktaur captains
  21 hydras
  A catoblepas (Lair:3)
  5 peacekeepers
  A hydra (shapeshifter) (Vaults:4)
  2 ghost crabs
  2 ogre magi
  6 ironbound frosthearts
  7 boulder beetles
  3 jorogumos (Spider:4)
  6 two-headed ogres
  7 centaur warriors
  A radroach (Spider:2)
  10 alligators
  A death knight (D:15)
  A sphinx skeleton (Vaults:2)
  8 demonic crawlers
  A deep troll earth mage (D:15)
  2 spriggan berserkers (Swamp:4)
  Urug (D:11)
  3 hell knights (Vaults:3)
  4 orc high priests (Orc:2)
  A storm dragon zombie (Vaults:3)
  2 skysharks (Vaults:3)
  5 skeletal warriors
  9 pharaoh ants
  5 spriggan druids
  A sun moth (Spider:1)
  8 swamp dragons
  4 arcanists
  A death drake (Swamp:4)
  2 goliath frogs
  5 orb spiders
  5 bog bodies
  A storm dragon skeleton (Vaults:3)
  18 ironbound convokers
  52 deep trolls
  A phantasmal warrior (Vaults:5)
  3 occultists (D:14)
  A deep elf archer (D:14)
  3 necromancers
  7 steelbarb worms
  2 orc knights
  A tengu zombie (Vaults:3)
  12 lindwurms
  6 cyclopes
  2 oklob plants
  3 deep elf pyromancers (D:13)
  An orc sorcerer (Orc:2)
  25 wolf spiders
  21 ugly things
  A will-o-the-wisp (Swamp:4)
  4 moths of wrath
  3 manticores
  15 vault sentinels
  A torpor snail (shapeshifter) (D:14)
  5 black mambas
  An elf zombie (Vaults:2)
  4 torpor snails
  4 gargoyles
  3 kobold demonologists
  An unseen horror (D:11)
  32 yaktaurs
  15 cane toads
  9 komodo dragons
  A tengu conjurer (D:14)
  2 freezing wraiths
  7 rime drakes
  A yaktaur skeleton (Vaults:2)
  A queen bee (Lair:2)
  10 trolls
  A meliai (shapeshifter) (D:14)
  A hornet (shapeshifter) (D:14)
  A polar bear (shapeshifter) (D:15)
  7 polar bears
  5 tyrant leeches
  Grinder (D:5)
  18 hornets
  3 dream sheep (Lair:5)
  8 blink frogs
  34 tarantellas
  21 slime creatures
  18 spriggans
  25 jumping spiders
  A centaur simulacrum (D:12)
  3 shadows
  26 culicivoras
  11 wraiths
  5 fire bats (Swamp:4)
  48 yaks
  17 vampire mosquitoes
  87 redbacks
  4 basilisks
  5 steam dragons
  2 humans (Spider:2)
  3 hogs (Spider:2)
  9 wargs (Orc:2)
  4 acid dragons
  A glowing shapeshifter zombie (Vaults:2)
  An ogre zombie (Vaults:3)
  9 swamp worms
  15 water moccasins
  9 orc warriors
  5 swamp drakes (Swamp:4)
  3 ice beasts
  6 black bears
  4 sky beasts
  6 boggarts
  A tengu (shapeshifter) (Vaults:2)
  43 wolves
  7 ogres
  16 centaurs
  A phantom (D:6)
  4 kobold brigands
  Blork the orc (D:6)
  15 bullfrogs
  2 gnoll sergeants
  A human simulacrum (Vaults:2)
  3 scorpions
  4 wights
  24 killer bees (Lair:2)
  4 electric eels
  6 howler monkeys
  2 hounds
  2 jellies
  A gnoll bouda (D:8)
  31 orc priests
  2 sleepcaps
  Jessica (D:2)
  5 iguanas
  5 orc wizards
  23 gnolls
  9 adders
  2 white imps
  2 ufetubi (D:5)
  3 worms (D:3)
  12 dart slugs
  76 orcs
  5 endoplasms
  A giant cockroach (D:3)
  9 goblins
  8 hobgoblins
  3 jackals (D:2)
  5 quokkas
  5 ball pythons
  8 bats
  2 frilled lizards
  15 kobolds
  23 rats
1385 creatures vanquished.

Vanquished Creatures (others)
  Kirke (Spider:2)
  2 hydras
  An orb spider (Spider:4)
  2 bloated husks
  2 redbacks (Spider:4)
  A steam dragon (Swamp:4)
  4 swamp drakes (Swamp:4)
  8 foxfires (Swamp:4)
21 creatures vanquished.

Grand Total: 1406 creatures vanquished

Notes
Turn   | Place    | Note
-------+----------+-------------------------------------------
     0 | D:1      | JackS81 the Demonspawn Shapeshifter began the quest for the
                  | Orb.
     0 | D:1      | Reached XP level 1. HP: 15/15 MP: 1/1
   161 | D:1      | Gained mutation: Your touch may inflict minor irresistible
                  | damage on your foes. [demonic ancestry]
   161 | D:1      | Reached XP level 2. HP: 21/21 MP: 2/2
   320 | D:1      | Reached skill level 3 in Unarmed Combat
   563 | D:1      | Gained mutation: You regenerate magic rapidly. [demonic
                  | ancestry]
   563 | D:1      | Reached XP level 3. HP: 26/26 MP: 3/3
  1235 | D:2      | Noticed Jessica
  1239 | D:2      | Killed Jessica
  1240 | D:2      | Gained mutation: Your touch may inflict irresistible damage
                  | on your foes. [demonic ancestry]
  1240 | D:2      | Reached XP level 4. HP: 32/32 MP: 4/4
  1327 | D:2      | HP: 1/48 [gnoll/+0 halberd (5)]
  1821 | D:3      | Reached XP level 5. HP: 37/37 MP: 5/5
  1834 | D:3      | Found a radiant altar of Vehumet.
  2121 | D:3      | Reached skill level 4 in Unarmed Combat
  2253 | D:3      | Found a faded altar of an unknown god.
  2762 | D:4      | Learned a level 3 spell: Call Canine Familiar
  2853 | D:4      | Gained mutation: Your demonic aura sometimes causes spilled
                  | blood to erupt in flames. [demonic ancestry]
  2853 | D:4      | Reached XP level 6. HP: 39/43 MP: 6/6
  2869 | D:4      | Found a runed translucent gate.
  2870 | D:4      | Found a runed translucent gate.
  2871 | D:4      | Found a runed translucent gate.
  2871 | D:4      | Noticed Pascal76's ghost (amateur GrGl)
  2942 | D:4      | Reached skill level 1 in Armour
  3058 | D:4      | Reached skill level 5 in Unarmed Combat
  3835 | D:5      | Entered Level 5 of the Dungeon
  3844 | D:5      | Reached XP level 7. HP: 47/49 MP: 7/7
  3897 | D:5      | Noticed Grinder
  4064 | D:5      | Found a staircase to the Ecumenical Temple.
  4074 | Temple   | Entered the Ecumenical Temple
  4079 | Temple   | Became a worshipper of Warmaster Okawaru
  4103 | D:5      | Identified the +1 trident "Widowermaker" {protect, *Slow
                  | +Blink SInv}
  4119 | D:5      | Found a basalt altar of Yredelemnul.
  4237 | D:5      | Reached skill level 1 in Summonings
  4568 | D:5      | Killed Grinder
  4569 | D:5      | Reached skill level 5 in Shapeshifting
  4742 | D:5      | Reached XP level 8. HP: 51/57 MP: 8/8
  4787 | D:5      | Reached * piety under Okawaru
  4820 | D:5      | Reached skill level 6 in Unarmed Combat
  4880 | D:6      | Found Piffaog's Elemental Accessories.
  4982 | D:6      | Noticed Blork the orc
  4990 | D:6      | Killed Blork the orc
  4991 | D:6      | Reached skill level 1 in Invocations
  5016 | D:6      | Reached skill level 1 in Evocations
  5199 | D:6      | Found an opulent altar of Gozag.
  5220 | D:6      | Reached ** piety under Okawaru
  5754 | D:7      | Noticed a two-headed ogre
  5762 | D:7      | Killed a two-headed ogre
  5762 | D:7      | Reached *** piety under Okawaru
  5763 | D:7      | Reached skill level 1 in Throwing
  5763 | D:7      | Reached skill level 7 in Unarmed Combat
  5763 | D:7      | Gained mutation: Your demonic aura often causes spilled
                  | blood to erupt in flames. [demonic ancestry]
  5763 | D:7      | Reached XP level 9. HP: 65/65 MP: 11/11
  6448 | D:7      | Reached **** piety under Okawaru
  7243 | D:8      | Reached skill level 8 in Unarmed Combat
  8019 | D:9      | Gained mutation: When seriously injured, your blood forms
                  | armour. (AC +12) [demonic ancestry]
  8019 | D:9      | Reached XP level 10. HP: 65/73 MP: 13/13
  8200 | D:9      | Noticed a two-headed ogre
  8218 | D:9      | Killed a two-headed ogre
  8219 | D:9      | Reached skill level 5 in Fighting
  8225 | D:9      | Reached skill level 9 in Unarmed Combat
  8397 | D:9      | Reached ***** piety under Okawaru
  8423 | D:9      | Noticed a sun demon
  8617 | D:9      | Received a gift from Okawaru
  9244 | D:10     | Entered Level 10 of the Dungeon
  9272 | D:10     | Noticed a gargoyle
  9283 | D:10     | Killed a gargoyle
  9462 | D:10     | Noticed a two-headed ogre
  9471 | D:10     | Killed a two-headed ogre
  9472 | D:10     | Reached skill level 10 in Unarmed Combat
  9570 | D:10     | Gained mutation: Your demonic aura causes all spilled blood
                  | to erupt in flames. [demonic ancestry]
  9570 | D:10     | Reached XP level 11. HP: 81/81 MP: 11/14
 10233 | D:10     | Found a snail-covered altar of Cheibriados.
 10495 | D:11     | You fall into a shaft and drop 2 floors!
 10503 | D:13     | Noticed a cyan ugly thing
 10507 | D:13     | Noticed a deep elf pyromancer
 10522 | D:13     | Killed a white ugly thing
 10525 | D:13     | Killed a deep elf pyromancer
 10616 | D:13     | Noticed a deep elf pyromancer
 10645 | D:13     | Killed a deep elf pyromancer
 10755 | D:13     | Noticed a centaur warrior
 10764 | D:13     | Killed a centaur warrior
 10803 | D:13     | Reached skill level 11 in Unarmed Combat
 10839 | D:12     | Reached skill level 5 in Invocations
 11123 | D:12     | Found a staircase to the Orcish Mines.
 11158 | D:12     | Reached skill level 5 in Evocations
 11216 | D:12     | Noticed Snorg
 11226 | D:12     | Killed Snorg
 11389 | D:11     | Gained mutation: When seriously injured, your blood forms
                  | thick armour. (AC +12) [demonic ancestry]
 11389 | D:11     | Reached XP level 12. HP: 64/91 MP: 16/16
 11749 | D:11     | Noticed a two-headed ogre
 11759 | D:11     | Killed a two-headed ogre
 11869 | D:11     | Learned a level 1 spell: Slow
 11872 | D:11     | Learned a level 2 spell: Wereblood
 11994 | D:11     | Noticed Heedrag's ghost (novice DsSh)
 11995 | D:11     | Found a transporter.
 11997 | D:11     | Found a staircase to the Lair.
 12000 | D:11     | Found a transporter.
 12005 | D:11     | Noticed Urug
 12013 | D:11     | Killed Urug
 12389 | Lair:1   | Entered Level 1 of the Lair of Beasts
 12678 | Lair:1   | Reached skill level 1 in Hexes
 13297 | Lair:1   | Reached skill level 1 in Transmutations
 13466 | Lair:2   | Reached skill level 12 in Unarmed Combat
 13517 | Lair:2   | Noticed a five-headed hydra
 13532 | Lair:2   | Killed a five-headed hydra
 13704 | Lair:2   | Found a gate leading to a gauntlet.
 13878 | Lair:2   | Found a staircase to the Swamp.
 13882 | Lair:2   | Noticed a six-headed hydra
 13892 | Lair:2   | Killed a six-headed hydra
 13896 | Lair:2   | Reached XP level 13. HP: 38/98 MP: 18/18
 14264 | Lair:3   | Found a hole to the Spider Nest.
 14504 | Lair:3   | Identified the +1 scale mail "Niosh" {Str+2}
 14955 | Lair:3   | Received a gift from Okawaru
 15265 | Lair:4   | Upgraded the game from 0.31-a0-880-g9a209b2425 to
                  | 0.31-a0-885-gbe960a18b5
 15516 | Lair:4   | Found a viscous altar of Jiyva.
 15518 | Lair:4   | Found a staircase to the Slime Pits.
 15722 | Lair:4   | Reached skill level 13 in Unarmed Combat
 15965 | Lair:5   | Entered Level 5 of the Lair of Beasts
 15973 | Lair:5   | Reached skill level 5 in Throwing
 15985 | Lair:5   | Reached skill level 10 in Shapeshifting
 16116 | Lair:5   | Reached skill level 5 in Armour
 16476 | Lair:5   | Paralysed by a hornet for 1 turns
 16566 | Lair:5   | Reached XP level 14. HP: 82/106 MP: 19/19
 16604 | Lair:5   | Received a gift from Okawaru
 16619 | Lair:5   | Identified the +3 falchion "Toug" {flame, rF+++ Will+ MP-9}
 16792 | Lair:5   | Reached skill level 5 in Dodging
 17638 | Lair:5   | Upgraded the game from 0.31-a0-885-gbe960a18b5 to
                  | 0.31-a0-917-ga885b83477
 18435 | D:13     | Found a runed translucent gate.
 18435 | D:13     | Found a runed translucent gate.
 18435 | D:13     | Found a runed translucent gate.
 18436 | D:13     | Noticed Hatoon's ghost (journeyman OpSh)
 19156 | D:14     | Reached skill level 14 in Unarmed Combat
 19633 | D:14     | Noticed a frost giant
 19686 | D:14     | Killed a frost giant
 19838 | D:14     | Noticed a war gargoyle
 19842 | D:14     | Noticed a vampire knight
 19865 | D:14     | Killed a vampire knight
 19866 | D:14     | Gained mutation: When hurt, damage is shared between your
                  | health and your magic reserves. [demonic ancestry]
 19866 | D:14     | Reached XP level 15. HP: 97/115 MP: 15/21
 19890 | D:14     | Identified the +5 rapier of Vaetzazy {flame, rPois Dex+3}
 20124 | D:14     | Reached skill level 10 in Fighting
 20134 | D:14     | Found a gate to the Vaults.
 20254 | D:15     | Entered Level 15 of the Dungeon
 20358 | D:15     | Found a staircase to the Depths.
 20650 | D:15     | Received a gift from Okawaru
 21195 | Orc:1    | Entered Level 1 of the Orcish Mines
 21479 | Orc:2    | Entered Level 2 of the Orcish Mines
 21577 | Orc:2    | Found a staircase to the Elven Halls.
 21745 | Orc:2    | Found Leunaisot's Distillery.
 21758 | Orc:2    | Bought a potion of degeneration for 12 gold pieces
 21758 | Orc:2    | Bought a potion of berserk rage for 60 gold pieces
 21766 | Orc:2    | Found Emeany's Assorted Antiques.
 21786 | Orc:2    | Bought an ancient iron amulet for 180 gold pieces
 21786 | Orc:2    | Identified the amulet "Guyduat" {RegenMP +Blink +Inv Int+4
                  | Dex-2} (You bought it in a shop on level 2 of the Orcish
                  | Mines)
 21925 | Orc:2    | Found Saetait's Antique Armour Emporium.
 21925 | Orc:2    | Found Demaco's Assorted Antiques.
 21981 | Orc:2    | Found Lietam's Magic Scroll Emporium.
 21990 | Orc:2    | Bought a scroll of blinking for 97 gold pieces
 22362 | Orc:2    | Bought a jewelled leather armour for 182 gold pieces
 22362 | Orc:2    | Identified the +0 leather armour "Xapriahico" {Slay+2} (You
                  | bought it in a shop on level 2 of the Orcish Mines)
 22362 | Orc:2    | Bought a slimy leather armour for 182 gold pieces
 22362 | Orc:2    | Identified the +3 leather armour of Eternity {Harm Int+3
                  | Dex+2} (You bought it in a shop on level 2 of the Orcish
                  | Mines)
 22519 | Swamp:1  | Entered Level 1 of the Swamp
 22556 | Swamp:1  | Identified a scroll of acquirement
 22556 | Swamp:1  | Identified the "Hocih" (You acquired it on level 1 of the
                  | Swamp)
 22556 | Swamp:1  | Acquired 1063 gold pieces
 22774 | Swamp:1  | Noticed a tentacled monstrosity
 22804 | Swamp:1  | Killed a tentacled monstrosity
 22874 | Swamp:1  | Noticed Josephine
 22892 | Swamp:1  | Killed Josephine
 23766 | Swamp:2  | Gained mutation: Your touch may irresistibly damage your
                  | foes and sap their willpower. [demonic ancestry]
 23766 | Swamp:2  | Reached XP level 16. HP: 118/123 MP: 20/23
 24167 | Swamp:3  | Noticed Karaet's ghost (adept MiFi)
 24167 | Swamp:3  | Found a transporter.
 24234 | Swamp:3  | Found a transporter.
 24250 | Swamp:3  | Reached skill level 10 in Invocations
 24756 | Swamp:4  | Entered Level 4 of the Swamp
 26154 | Swamp:4  | Identified the +4 flail of the Sky {flame, rElec rC- Str+4}
 26220 | Swamp:4  | Got a decaying rune of Zot
 26551 | Spider:1 | Entered Level 1 of the Spider Nest
 27003 | Spider:1 | Reached XP level 17. HP: 85/131 MP: 22/25
 27344 | Spider:1 | Reached skill level 15 in Unarmed Combat
 28866 | Spider:2 | Noticed Kirke
 28908 | Spider:2 | Killed Kirke
 29428 | Spider:2 | Noticed Agnes
 29442 | Spider:2 | Killed Agnes
 30543 | Spider:3 | Reached skill level 16 in Unarmed Combat
 30997 | Spider:4 | Entered Level 4 of the Spider Nest
 31954 | Spider:4 | Reached skill level 10 in Dodging
 33226 | Spider:4 | Gained mutation: When seriously injured, your blood forms
                  | very thick armour. (AC +12) [demonic ancestry]
 33226 | Spider:4 | Reached XP level 18. HP: 100/138 MP: 15/26
 33465 | Spider:4 | Got a gossamer rune of Zot
 33472 | Spider:4 | Identified the +1 hat of the Mind {rElec rCorr Int-2 Dex-2}
 34184 | Vaults:1 | Identified the of Iruobago
 34184 | Vaults:1 | Entered Level 1 of the Vaults
 34494 | Vaults:1 | Reached skill level 17 in Unarmed Combat
 34724 | Vaults:1 | Reached skill level 15 in Shapeshifting
 36543 | Vaults:2 | Noticed Mara
 36566 | Vaults:2 | Killed Mara
 36567 | Vaults:2 | Reached skill level 10 in Evocations
 37157 | Vaults:2 | Reached skill level 18 in Unarmed Combat
 37259 | Vaults:2 | Found Rockubba's Armour Shop.
 37265 | Vaults:2 | Upgraded the game from 0.31-a0-917-ga885b83477 to
                  | 0.31-a0-955-gcb8bc90ed4
 37265 | Vaults:2 | Bought a scarf of resistance for 544 gold pieces
 37413 | Vaults:2 | Paralysed by a great orb of eyes for 5 turns
 37420 | Vaults:2 | Reached XP level 19. HP: 137/145 MP: 27/27
 40057 | Vaults:3 | Paralysed by a sphinx for 4 turns
 40062 | Vaults:3 | Noticed Margery
 40171 | Vaults:3 | Noticed Xtahua
 40176 | Vaults:3 | HP: 5/131 [Xtahua/searing blast (13)]
 40473 | Vaults:3 | Noticed Norris
 40474 | Arena    | Entered the Arena
 40485 | Arena    | Killed Norris
 40523 | Vaults:3 | Found a staircase to the Crypt.
 40949 | Vaults:3 | Killed Margery
 40984 | Vaults:3 | Killed Xtahua
 41813 | Vaults:4 | Found Sefiulah's General Store.
 41846 | Vaults:4 | Bought a potion of heal wounds for 85 gold pieces
 42370 | Vaults:4 | Identified the ring "Deplemeb" {rPois Will++ EV+5 Str-3
                  | Slay+3}
 42425 | Vaults:4 | Found the +8 autumn katana {manifold assault}
 42773 | Vaults:4 | Reached XP level 20. HP: 123/154 MP: 29/29
 43475 | Vaults:4 | Found Restujos's Weapon Boutique.
 43546 | Vaults:4 | Found a runed translucent gate.
 43546 | Vaults:4 | Found a runed translucent gate.
 43546 | Vaults:4 | Found a runed translucent gate.
 43546 | Vaults:4 | Found an ancient bone altar of Kikubaaqudgha.
 43546 | Vaults:4 | Noticed jlumianski's ghost (veteran KoBe)
 43546 | Vaults:4 | Noticed a dread lich
 43929 | Vaults:4 | Found Otysag's Weapon Shop.
 44195 | Vaults:4 | Reached skill level 10 in Armour
 44351 | Vaults:5 | Entered Level 5 of the Vaults
 44413 | Vaults:5 | Identified the staff of Reapportionment {rElec SInv Air}
 44457 | Vaults:5 | Killed from afar by a shadow dragon

Illustrated notes

Levels and vault maps discovered:
D:1:      lightli_arrival_statue_moat, layout_basic
D:2:      layout_rooms, st_stairs_6, uniq_jessica
D:3:      layout_loops_ring, mainiacjoe_overflow_catwalk_spiral,
          hellmonk_ecumenical_altar_zigzags, minmay_rat_hole
D:4:      kennysheep_slugbush, layout_basic, ebering_ghost_rock_garden
D:5:      layout_rooms, yredelemnul_altar_generic, minmay_temple_entry_poolview,
          uniq_grinder
D:6:      layout_cave_pools, mainiacjoe_overflow_cross_hatched,
          nicolae_elemental_shop, minivault_27, uniq_blork_the_orc
D:7:      layout_cave_pods
D:8:      layout_loops_ring, special_room [special_room_orc]
D:9:      layout_irregular_city
D:10:     layout_cave_pods, lemuel_doored_altar
D:11:     layout_stronghold, lair_entry_dummy, gammafunk_ghost_arena,
          zin_scriptorium, uniq_urug
D:12:     layout_loops_ring, david_orc_2, hex_large, nrook_uturn,
          minmay_checkerbox, uniq_snorg
D:13:     layout_loops_ring, ebering_ghost_rock_garden
D:14:     thingy_vault, layout_rooms, grunt_vaults_entry_fortified
D:15:     grunt_enter_depths_hoard, layout_gridville, nicolae_the_louvre,
          minivault_16, serial_bayou_pond_a, minmay_three_doors
Temple:   nicolae_temple_bog_church
Lair:1:   layout_chaotic_city, minmay_holes
Lair:2:   layout_roguey [special_room_bee], swamp_mist, gauntlet_entry_generic,
          grunt_megastairs_1
Lair:3:   layout_hall_layers, hellmonk_spider_entry_life_and_decay,
          serial_bayou_pond_d, st_stairs_4, serial_bayou_lagoon_a,
          serial_bayou_pond_d, fungi_pond_lemuel,
          eino_small_chamber_without_monster
Lair:4:   layout_gridlike, dpeg_slime_entry_corner
Lair:5:   minmay_lair_end_enchanted_forest, layout_gridlike, dpeg_oklob_1
Swamp:1:  cheibrodos_swamp_monstrosity, layout_basic_swamp,
          evilmike_swamp_ruin_house_2, uniq_josephine
Swamp:2:  layout_basic_swamp, evilmike_swamp_ruin_wall
Swamp:3:  layout_basic_swamp, gammafunk_ghost_mausoleum,
          nicolae_swamp_ascending_descending
Swamp:4:  swamp_fiery, layout_basic_swamp
Spider:1: layout_spider_delve, hellmonk_narrow_tunnel
Spider:2: layout_spider_delve, guppyfry_hornet_nest, uniq_agnes, uniq_kirke
Spider:3: layout_spider_delve, drop_trap
Spider:4: grunt_spider_rune_parallel
Orc:1:    layout_caves, ebering_ghost_xom
Orc:2:    st_orc_town, layout_caves, serial_shops,
          nicolae_shop_just_a_little_nook
Vaults:1: nicolae_vaults_surprise_closet, v_misc_29, v_misc_32,
          vaults_room_door_hall, nicolae_vaults_shipping_containers_4,
          nicolae_vaults_sightless_eye, nicolae_vaults_surprise_closet,
          layout_vaults_omnigrid
Vaults:2: nicolae_vaults_shipping_containers_6, hangedman_vaults_capsules,
          vaults_mumra_minichess, v_misc_29, hangedman_vaults_hat, v_misc_18,
          nicolae_vaults_surprise_closet, nicolae_vaults_house_1,
          vaults_room_large_hall, nicolae_vaults_little_squares_5,
          ontoclasm_vaults_pinch, layout_vaults_maze_bifur, serial_shops,
          nicolae_shop_tiny_waterfront, uniq_mara
Vaults:3: nicolae_vaults_ring_of_whatevers, nicolae_vaults_more_shelving_1,
          nicolae_vaults_circle_grid_b, nicolae_vaults_double_plus_2, v_rooms_1,
          minmay_crypt_entry_simple_round, grunt_vaults_swirl, v_pattern_1,
          grunt_vaults_diagonal, nicolae_vaults_octothorpe,
          hangedman_vaults_cutoff, nicolae_vaults_little_squares_5, v_misc_12,
          nicolae_vaults_storage_room_glass, layout_vaults_ring, uniq_margery,
          uniq_norris, uniq_xtahua
Vaults:4: gammafunk_ghost_crypt, nicolae_vaults_storage_closets_3,
          nicolae_vaults_mitosis, v_rooms_4, v_rooms_4,
          vaults_mumra_minichess_inversion, nicolae_vaults_storage_room_doors,
          ontoclasm_vaults_shuriken, nicolae_vaults_layer_cake_slice,
          nicolae_vaults_antechamber_and_loot_room, layout_vaults_chaotic_city,
          serial_shops, nicolae_shop_tiny_glass, shop,
          nicolae_shop_window_shopping
Vaults:5: uniq_boris

Skill      XL: |  1  2  3  4  5  6  7  8  9 10 11 12 13 14 15 16 17 18 19 20 |
---------------+-------------------------------------------------------------+-----
Shapeshifting  | 3 4 5 6 7 9 10 12 14 15 16 | 16.2
Unarmed Combat | 3 4 5 7 8 10 11 12 13 14 16 18 | 18.1
Armour         | 1 2 3 4 5 6 7 8 9 10 | 10.2
Dodging        | 2 3 4 5 7 9 10 11 12 | 12.2
Fighting       | 2 4 6 7 8 9 10 11 12 | 12.8
Summonings     | 1 3 |  3.1
Invocations    | 3 4 5 6 7 8 9 10 11 12 13 | 13.7
Evocations     | 2 3 5 6 7 8 10 11 12 | 12.2
Throwing       | 1 2 3 4 5 6 |  6.5
Hexes          | 2 |  2.5
Transmutations | 2 |  2.5

Action                     |  1- 3 |  4- 6 |  7- 9 | 10-12 | 13-15 | 16-18 | 19-21 || total
---------------------------+-------+-------+-------+-------+-------+-------+-------++-------
  Melee: Unarmed           |    68 |   233 |   255 |   422 |  1156 |  1706 |   686 ||  4526
         Touch             |       |    24 |    51 |   107 |   259 |   406 |   186 ||  1033
         Punch             |       |     4 |     6 |     2 |       |       |     1 ||    13
         Constrict         |       |       |       |       |    18 |       |       ||    18
  Throw: Javelin           |       |    13 |    15 |     4 |       |       |       ||    32
 Invoke: Heroism           |       |       |       |    24 |    35 |    53 |    23 ||   135
         Finesse           |       |       |       |     8 |    14 |    10 |     7 ||    39
         Duel              |       |       |       |       |       |       |     1 ||     1
Ability: Begin Untransform |       |       |       |       |     1 |       |       ||     1
  Evoke: Wand              |       |       |     3 |     8 |     3 |     9 |       ||    23
         Phial of floods   |       |       |       |       |       |     1 |       ||     1
    Use: Potion            |       |     7 |       |     4 |     2 |     7 |    12 ||    32
         Scroll            |       |     4 |     4 |       |    16 |     7 |     7 ||    38
   Stab: Paralysed         |       |       |     6 |     6 |       |       |       ||    12
         Distracted        |       |       |       |     1 |       |       |       ||     1
         Sleeping          |       |       |       |       |     1 |       |       ||     1
 Armour: Ring mail         |    43 |   109 |   103 |    20 |       |       |       ||   275
         Skin              |       |    34 |       |       |    36 |       |       ||    70
         Steam dragon scal |       |       |       |    93 |       |       |       ||    93
         Troll leather arm |       |       |       |    64 |   408 |   136 |       ||   608
         Acid dragon scale |       |       |       |     1 |     3 |       |       ||     4
         Swamp dragon scal |       |       |       |       |       |   995 |   550 ||  1545
  Dodge: Dodged            |    43 |   123 |   154 |   319 |   770 |  1525 |   436 ||  3370
   Form: Flux              |       |     1 |     1 |     2 |     1 |       |     1 ||     6
         Beast             |       |     1 |     1 |     1 |       |       |       ||     3
         Anaconda          |       |       |       |     1 |     2 |       |       ||     3
         Blade             |       |       |       |       |       |       |     1 ||     1
         Storm             |       |       |       |       |       |       |     1 ||     1

Table legend: (Time is in decaauts)
 A = Elapsed time spent in this place.
 B = Non-inter-level travel time spent in this place.
 C = Inter-level travel time spent in this place.
 D = Time resting spent in this place.
 E = Time spent auto-exploring this place.
 F = Levels seen in this place.
 G = Mean time per level.
                   A        B        C        D        E       F      G
               +--------+--------+--------+--------+--------+-----+--------+
         Total |  43347 |  40465 |   2882 |   5491 |  18859 |  37 | 1171.5 |
       Dungeon |  16213 |  14861 |   1352 |    894 |   9433 |  15 | 1080.9 |
        Temple |     10 |      6 |      4 |      0 |      0 |   1 |   10.0 |
          Lair |   5421 |   4786 |    635 |    330 |   1958 |   5 | 1084.2 |
         Swamp |   3621 |   3430 |    191 |    543 |    797 |   4 |  905.2 |
   Spider Nest |   7147 |   6913 |    234 |   2155 |   1558 |   4 | 1786.8 |
  Orcish Mines |   1144 |   1122 |     22 |      0 |    403 |   2 |  572.0 |
        Vaults |   9762 |   9320 |    442 |   1553 |   4708 |   5 | 1952.4 |
         Arena |     27 |     27 |      0 |     14 |      0 |   1 |   27.0 |
               +--------+--------+--------+--------+--------+-----+--------+

Top non-repeatable levels by time:
Vaults:2: 2566 daAuts
Vaults:3: 2510 daAuts
Vaults:4: 2392 daAuts
Spider:4: 2288 daAuts
Vaults:1: 2240 daAuts
Spider:1: 1952 daAuts
Spider:2: 1716 daAuts
  Lair:5: 1540 daAuts
 Swamp:3: 1422 daAuts
    D:14: 1360 daAuts
     D:9: 1305 daAuts
    D:11: 1286 daAuts
     D:1: 1273 daAuts
     D:4: 1265 daAuts
     D:7: 1252 daAuts
